Map: [ESL] NeoHumanity

Players

Creator - Winner!

  • Race: Protoss Protoss

Astrea

  • Race: Protoss Protoss
  • League: Diamond

Event: IEM Katowice 2023

VOD

Have the link to the VOD?

Description

Time

  • Played on: Feb. 10, 2023, 6:59 a.m.
  • Length: 13:22

All games in this series

Show
View Real Time Build Order
Export as new Build Order

Creator Protoss - Winner!

Build Orders: 1 Gate Expand 

Get SALT Encoding   

  12  0:00  Probe  
  13  0:12  Probe  
  14  0:17  Pylon  
  14  0:24  Probe (Chrono Boost)  
  15  0:36  Gateway, Probe (Chrono Boost)  
  16  0:44  Probe (Chrono Boost)  
  16  0:45  Assimilator  
  17  0:51  Probe  
  18  1:03  Probe  
  19  1:15  Probe  
  20  1:22  Nexus  
  20  1:32  Cybernetics Core  
  20  1:34  Probe  
  20  1:39  Assimilator  
  21  1:46  Probe  
  22  1:49  Pylon  
  22  1:58  Probe  
  23  2:05  Stalker (Chrono Boost)  
  25  2:10  Probe  
  25  2:13  Robotics Facility  
  26  2:22  Shield Battery, Probe  
  27  2:29  Stalker (Chrono Boost)  
  27  2:34  Probe  
  30  2:37  Warp Gate (Chrono Boost)  
  30  2:39  Probe  
  31  2:49  Probe  
  32  2:53  Probe  
  33  3:01  Stalker  
  33  3:02  Shield Battery, Observer  
  35  3:07  Probe (Chrono Boost)  
  35  3:10  Pylon  
  36  3:13  Probe (Chrono Boost)  
  38  3:21  Probe (Chrono Boost)  
  38  3:23  Probe (Chrono Boost), Observer  
  38  3:25  Gateway  
  38  3:26  Probe (Chrono Boost)  
  40  3:28  Probe (Chrono Boost)  
  42  3:36  Stalker  
  42  3:39  Shield Battery  
  42  3:41  Probe  
  45  3:47  Probe  
  46  3:51  Twilight Council  
  46  3:53  Probe  
  47  3:59  Probe  
  47  4:06  Probe  
  45  4:13  Probe  
  45  4:15  Gateway  
  46  4:18  Probe  
  46  4:20  Stalker  
  46  4:23  Stalker  
  51  4:26  Pylon  
  51  4:27  Probe  
  51  4:30  Blink (Chrono Boost)  
  52  4:34  Probe  
  50  4:40  Probe  
  50  4:46  Probe  
  50  4:48  Stalker  
  54  4:52  Probe  
  54  4:57  Nexus  
  54  4:58  Probe  
  55  5:00  Stalker  
  55  5:03  Pylon  
  55  5:05  Probe  
  58  5:10  Probe  
  58  5:11  Assimilator  
  59  5:18  Immortal (Chrono Boost)  
  59  5:20  Probe  
  64  5:24  Shield Battery  
  64  5:27  Stalker  
  66  5:29  Probe  
  66  5:31  Zealot  
  69  5:42  Pylon  
  69  5:43  Probe  
  69  5:49  Forge  
  70  6:00  Pylon, Probe x2 (Chrono Boost), Stalker x3  
  78  6:10  Probe (Chrono Boost)  
  79  6:12  Charge  
  79  6:15  Protoss Ground Weapons Level 1 (Chrono Boost)  
  79  6:17  Probe (Chrono Boost)  
  79  6:18  Probe (Chrono Boost)  
  82  6:20  Probe (Chrono Boost)  
  82  6:21  Gateway  
  82  6:25  Probe (Chrono Boost)  
  84  6:28  Sentry  
  84  6:30  Probe x2 (Chrono Boost)  
  84  6:32  Probe (Chrono Boost)  
  87  6:36  Probe x2 (Chrono Boost)  
  87  6:38  Probe  
  90  6:41  Phoenix  
  90  6:42  Sentry  
  90  6:45  Nexus  
  90  6:46  Stalker  
  94  6:48  Probe  
  94  6:50  Probe  
  94  6:52  Probe  
  94  6:53  Stalker  
  99  6:55  Pylon  
  99  7:03  Probe  
  99  7:04  Probe  
  99  7:05  Gateway x2  
  101  7:08  Pylon  
  101  7:13  Probe  
  101  7:14  Stalker  
  101  7:15  Stalker x2  
  108  7:16  Nexus  
  108  7:21  Pylon, Probe  
  109  7:26  Probe  
  111  7:30  Probe  
  111  7:33  Probe  
  111  7:34  Gateway  
  111  7:35  Gateway, Stalker  
  114  7:40  Pylon  
  114  7:41  Probe  
  114  7:42  Pylon, Probe  
  114  7:43  Observer  
  116  7:49  Stalker  
  119  7:51  Observer (Chrono Boost)  
  119  7:52  Gateway x2, Zealot x2  
  119  7:56  Protoss Ground Weapons Level 2 (Chrono Boost)  
  119  7:57  Probe  
  119  7:58  Probe x2  
  125  8:01  Zealot x3  
  132  8:09  Warp Prism (Chrono Boost)  
  132  8:11  Pylon  
  134  8:14  Zealot x2  
  138  8:21  Photon Cannon  
  133  8:34  Zealot x5  
  133  8:39  Zealot x3  
  147  8:42  Pylon x2  
  147  8:43  Pylon x2  
  147  8:45  Stalker  
  147  8:46  Stalker  
  151  8:59  Zealot x6  
  163  9:06  Zealot x2  
  167  9:19  Zealot x3  
  167  9:23  Stalker  
  167  9:24  Stalker x3  
  173  9:29  Stalker x3  
  179  9:32  Pylon  
  175  9:39  Zealot  
  175  9:40  Zealot x2  
  175  9:45  Observer  
  182  9:48  Zealot x4  
  186  9:52  Zealot  
  186  9:53  Zealot x2  
  190  10:06  Stalker x3  
  188  10:11  Stalker x4  
  188  10:17  Zealot x3  
  172  10:24  Zealot x3  
  172  10:25  Warp Prism (Chrono Boost)  
  172  10:33  Zealot x3  
  170  10:37  Stalker x4  
  176  10:48  Zealot x3  
  180  10:57  Stalker x4  
  180  11:01  Zealot  
  180  11:02  Zealot x2  
  192  11:06  Stalker  
  188  11:17  Zealot x7  
  198  11:22  Stalker x2  
  182  11:35  Stalker  
  158  11:40  Stalker x2  
  158  11:41  Stalker x5  
  144  11:50  Zealot x2  
  146  11:57  Gateway  
  146  11:58  Gateway  
  146  11:59  Pylon  
  146  12:03  Zealot x3  
  146  12:04  Zealot x5  
  144  12:09  Immortal  
  144  12:10  Stalker x2  
  152  12:22  Zealot x3, Observer  
  150  12:23  Zealot  
  150  12:24  Zealot x4  
  162  12:33  Photon Cannon  
  162  12:37  Stalker x2  
  160  12:45  Zealot x7  
  160  12:47  Photon Cannon  
  178  12:52  Stalker  
  178  12:53  Zealot  
  180  12:59  Stalker  
  180  13:00  Stalker x2  
  182  13:09  Zealot x7  
  180  13:16  Stalker x2  
Show
View Real Time Build Order
Export as new Build Order

Astrea Protoss 

Build Orders: Oracle Opening 

Get SALT Encoding   

  12  0:00  Probe  
  13  0:12  Probe  
  14  0:17  Pylon  
  14  0:24  Probe (Chrono Boost)  
  16  0:35  Gateway  
  16  0:36  Probe (Chrono Boost)  
  16  0:43  Probe (Chrono Boost)  
  16  0:45  Assimilator  
  17  0:51  Probe  
  17  0:53  Assimilator  
  18  1:03  Probe (Chrono Boost)  
  19  1:06  Gateway  
  20  1:12  Probe (Chrono Boost)  
  20  1:17  Probe (Chrono Boost)  
  20  1:23  Cybernetics Core  
  21  1:29  Probe  
  22  1:34  Pylon  
  22  1:41  Probe  
  23  1:53  Probe  
  24  1:59  Warp Gate  
  24  2:00  Adept, Stalker  
  28  2:05  Probe  
  29  2:11  Pylon  
  29  2:20  Stargate  
  29  2:43  Nexus  
  29  2:46  Probe  
  30  2:56  Shield Battery  
  30  2:58  Probe  
  31  3:04  Oracle (Chrono Boost)  
  31  3:10  Probe  
  35  3:14  Pylon  
  35  3:22  Probe, Twilight Council  
  36  3:32  Oracle (Chrono Boost)  
  36  3:35  Probe  
  40  3:47  Probe  
  41  3:49  Gateway  
  41  3:55  Probe  
  42  4:09  Blink (Chrono Boost), Probe  
  43  4:13  Probe  
  43  4:15  Shield Battery  
  42  4:20  Stalker x2  
  42  4:22  Probe  
  47  4:25  Probe  
  48  4:34  Probe  
  46  4:38  Probe  
  47  4:46  Probe, Stalker  
  47  4:47  Stalker x2  
  54  4:57  Nexus  
  54  5:01  Pylon  
  54  5:10  Stalker x2  
  54  5:11  Probe x2  
  60  5:16  Stalker  
  62  5:23  Probe x2  
  62  5:24  Assimilator  
  64  5:29  Forge  
  64  5:33  Pylon  
  64  5:35  Probe  
  65  5:37  Probe  
  66  5:47  Probe (Chrono Boost)  
  66  5:49  Probe (Chrono Boost), Stalker  
  70  5:53  Stalker x2  
  74  5:59  Protoss Ground Weapons Level 1 (Chrono Boost)  
  74  6:01  Probe (Chrono Boost)  
  74  6:02  Shield Battery  
  76  6:05  Probe (Chrono Boost)  
  76  6:10  Probe (Chrono Boost)  
  78  6:11  Probe (Chrono Boost)  
  78  6:17  Probe (Chrono Boost)  
  81  6:18  Probe (Chrono Boost)  
  81  6:19  Probe (Chrono Boost), Stalker x3  
  81  6:23  Probe (Chrono Boost)  
  81  6:24  Probe  
  88  6:30  Probe  
  88  6:31  Pylon  
  90  6:35  Probe  
  90  6:36  Probe  
  90  6:38  Nexus  
  92  6:41  Pylon  
  92  6:51  Stalker x3  
  98  6:56  Probe x3  
  98  6:58  Charge  
  101  7:03  Gateway  
  101  7:04  Gateway  
  101  7:08  Probe  
  102  7:09  Gateway, Probe  
  102  7:11  Probe  
  102  7:13  Photon Cannon  
  104  7:20  Gateway, Probe  
  104  7:21  Probe  
  104  7:22  Gateway  
  106  7:23  Gateway, Probe  
  106  7:29  Gateway  
  107  7:32  Probe  
  107  7:33  Robotics Facility  
  107  7:34  Probe  
  109  7:38  Pylon  
  109  7:42  Pylon  
  109  7:46  Protoss Ground Weapons Level 2 (Chrono Boost)  
  109  7:50  Probe x2, Stalker x3  
  117  7:53  Probe x2  
  119  8:01  Photon Cannon  
  119  8:02  Probe  
  119  8:05  Stalker x3  
  124  8:07  Probe x3  
  129  8:17  Nexus  
  129  8:19  Pylon  
  125  8:30  Stalker x6  
  137  8:39  Zealot x4  
  141  8:41  Warp Prism (Chrono Boost)  
  141  8:45  Probe x4  
  141  8:47  Photon Cannon  
  147  8:49  Photon Cannon  
  147  8:50  Pylon  
  147  8:53  Pylon  
  147  8:54  Pylon  
  147  8:57  Photon Cannon x2  
  147  9:14  Zealot x7  
  147  9:15  Zealot x3  
  145  9:36  Stalker x2  
  145  9:37  Stalker x8  
  161  9:45  Pylon  
  161  9:47  Pylon  
  159  10:00  Zealot x10  
  161  10:20  Zealot x2  
  161  10:21  Zealot x8  
  137  10:41  Stalker x10  
  157  10:43  Probe x2  
  156  10:59  Nexus  
  156  11:04  Zealot x8  
  156  11:08  Zealot x2  
  166  11:13  Shield Battery  
  166  11:16  Shield Battery  
  162  11:18  Shield Battery  
  150  11:29  Stalker x5  
  150  11:30  Zealot x2  
  150  11:31  Zealot  
  150  11:32  Zealot  
  150  11:33  Zealot  
  150  11:37  Probe  
  127  11:41  Probe  
  127  11:44  Zealot  
  114  11:49  Probe x3  
  114  11:50  Zealot  
  114  11:51  Zealot  
  114  11:53  Zealot x7, Probe  
  110  12:09  Observer  
  110  12:12  Probe x3  
  108  12:15  Stalker x3  
  108  12:16  Zealot x5  
  108  12:17  Zealot x2  
  123  12:23  Nexus  
  111  12:38  Stalker x3  
  111  12:39  Zealot x7  
  131  12:52  Nexus  
  131  13:01  Zealot x10  

Tags
 
Add a new tag
Caveats
  • Supply blocks, unpowered buildings, or Contaminate may cause inaccurate times.
  • Supply counts are checked every 10 seconds.